Unix NetHack Version 3.7.0-50 Work-in-progress - last build Feb 28 2022 15:24:21 (b377c2836c43ebb0b7db9ce427581073a701f771,branch:master). Game began 2022-03-01 19:25:33, ended 2022-03-01 19:52:53. wbn, lawful female human Samurai ----- -------- |<..-- -----.......-- |.....- |.........--..| -..|... |.---------|..| |-.....---- |..| |.........| ..- ----.|....| -...- --- -..| ..|.....| ------ |..| .........| |%%%%| --.|....---...| |....| |.|.... |...| ---|------|-....------ ------.---...--...-|..| |..|-.........|..--|..| G.. |..-........)......-|---|-----@. -----.....{....----.............- |..............-- --|--.-------- ||-----.........| |...|.|.(((| |...| -..------- |...|.-.(((| |...| --- ------|.(((| ----- ----- Wbn the Ronin St:16 Dx:15 Co:18 In:10 Wi:8 Ch:8 Lawful S:1216 Dlvl:6 $:0 HP:0(52) Pw:16(16) AC:4 Xp:5/239 T:1879 Latest messages: You hear someone beseeching Raijin. Pick an object. What do you want to throw? [bcdk or ?*] ? What do you want to throw? [bcdk or ?*] k In what direction? l The aklys misses the iguana. You miss the iguana. You miss the iguana. You kill the iguana! You hear someone praising Raijin. This door is locked. Unlock it with your key? [yn] (n) n This door is locked. Unlock it with your key? [yn] (n) y You succeed in unlocking the door. The door opens. This door is locked. Unlock it with your key? [yn] (n) y You succeed in unlocking the door. The door opens. The air crackles around the gnomish wizard. You hit the gnomish wizard! The gnomish wizard points all around, then curses. You hit the gnomish wizard! You kill the gnomish wizard! You hear bubbling water. The door resists! The door opens. "Irasshaimase, wbn! Welcome to Izchak's lighting store!" You miss the giant ant. The giant ant bites! The giant ant bites! You miss the giant ant. The giant ant bites! You hit the giant ant! The giant ant bites! You kill the giant ant! You see here a giant ant corpse. The gnome lord swings his bow. The gnome lord hits! You see here a giant ant corpse. The gnome lord swings his bow. The gnome lord hits! You die... Do you want your possessions identified? [ynq] (y) y Do you want to see your attributes? [ynq] (y) y Do you want an account of creatures vanquished? [ynaq] (y) y Do you want a list of species genocided? [ynq] (y) y Do you want to see your conduct and achievements? [ynq] (y) y Do you want to see the dungeon overview? [ynq] (y) y Major events: Turn 1: wbn the lawful female human Samurai entered the dungeon 10: hit with a wielded weapon for the first time 10: killed for the first time 99: ate for the first time - jackal corpse 99: consumed animal products for the first time, by eating a jackal corpse 173: entered new level 2, The Dungeons of Doom 375: gained experience level 2 643: entered new level 3, The Dungeons of Doom 778: entered new level 4, The Dungeons of Doom 830: entered new level 1, The Gnomish Mines 830: entered the Gnomish Mines 839: attained the rank of Ronin (level 3) 886: became literate by reading a scroll 886: performed her first genocide (gnomes) 1200: entered new level 2, The Gnomish Mines 1260: rejected atheism with a prayer 1476: gained experience level 4 1692: entered new level 3, The Gnomish Mines 1729: gained experience level 5 1760: reached Mine Town 1760: entered a shop Inventory: Weapons d - 36 +0 ya (in quiver) c - a +0 yumi a - a blessed +0 katana (weapon in hand) b - a +0 wakizashi (alternate weapon; not wielded) Armor e - an uncursed rustproof +0 splint mail (being worn) Scrolls i - an uncursed scroll of create monster Tools j - an uncursed skeleton key Wbn the Samurai's attributes: Background: You were a Ronin, a level 5 female human Samurai. You were lawful, on a mission for Amaterasu Omikami who was opposed by Raijin (neutral) and Susanowo (chaotic). You were in the Gnomish Mines, on level 6. You entered the dungeon 1879 turns ago. You had 239 experience points, 81 more were needed to attain level 6. Your score was 1216 before end-of-game adjustments. Basics: You had 0 out of 52 hit points. You had all 16 energy points (spell power). Your armor class was 4. Your wallet was empty. Autopickup was off. Final Characteristics: Your strength was 16 (peak:17, limit:18/100). Your dexterity was 15 (limit:18). Your constitution was 18 (limit:18). Your intelligence was 10 (limit:18). Your wisdom was 8 (limit:18). Your charisma was 8 (limit:18). Final Status: You were not hungry. You were unencumbered. You were wielding a long sword. You had basic skill with long sword. Final Attributes: You were devoutly aligned. You were warded. You were fast. You are dead. Miscellaneous: You never encountered a bones level. Total elapsed playing time was 27 minutes and 9 seconds. Vanquished creatures: 2 shriekers 5 gnome leaders 2 gnomish wizards a giant ant a dwarf a kobold leader a rabid rat an iguana a gas spore 9 gnomes a gnome zombie a gecko 2 jackals 3 foxes a kobold 2 goblins a grid bug 2 bats 5 newts 42 creatures vanquished. Genocided species: gnomes 1 species genocided. Voluntary challenges: You read items or engraved 1 time. You never engraved Elbereth. You genocided 1 type of monster. You never polymorphed an object. You never changed form. You used no wishes. Achievements: You entered the Gnomish Mines. You attained the rank of Ronin. You entered Minetown. You entered a shop. The Dungeons of Doom: levels 1 to 4 Level 1: Level 2: A fountain. Level 3: Stairs down to The Gnomish Mines. Level 4: The Gnomish Mines: levels 4 to 6 Level 4: Level 5: Level 6: <- You were here. Some shops, a fountain. Final resting place for you, killed by a gnome lord. Game over: ---------- / \ / REST \ / IN \ / PEACE \ / \ | wbn | | 0 Au | | killed by a | | gnome lord | | | | | | 2022 | *| * * * | * _________)/\\_//(\/(/\)/\//\/|_)_______ Sayonara wbn the Samurai... You died in The Gnomish Mines on dungeon level 6 with 1216 points, and 0 pieces of gold, after 1879 moves. You were level 5 with a maximum of 52 hit points when you died.